 Dungeon Crawl Stone Soup version 0.31-a0-986-g5e6e4ef867 (webtiles) character file.

Game seed: 798828680178530633

28 mattiecakes the Chopper (level 3, -3/21 HPs)
             Began as a Gargoyle Reaver on Nov 6, 2023.
             Splashed by a jelly's acid (5 damage)
             ... on level 2 of the Dungeon.
             The game lasted 00:01:25 (1272 turns).

mattiecakes the Chopper (Gargoyle Reaver)           Turns: 1272, Time: 00:01:26

Health: -3/21      AC: -1    Str: 17    XL:     3   Next: 14%
Magic:  6/6        EV: 11    Int: 13    God:
Gold:   78         SH:  0    Dex:  8    Spells: 5/6 levels left

rFire   . . .        a - +0 hand axe
rCold   . . .        (no shield)
rNeg    + . .        b - +0 leather armour
rPois   ∞            (no helmet)
rElec   +            (no cloak)
rCorr   .            (no gloves)
SInv    .            (no boots)
Will    .....        (no amulet)
Stlth   +            (no ring)
HPRegen 0.23/turn    (no ring)
MPRegen 0.10/turn

%: no passive effects
@: corroded
A: sickness immunity, AC +3, negative energy resistance 1, electricity
resistance, torment resistance 1, petrification resistance
a: no special abilities


You were on level 2 of the Dungeon.
You visited 1 branch of the dungeon, and saw 2 of its levels.

You collected 78 gold pieces.

Inventory:

Hand Weapons
 a - a +0 hand axe (weapon)
Armour
 b - a +0 leather armour (worn)
Scrolls
 c - a scroll of vulnerability {unknown}
 d - a scroll of revelation {unknown}
 g - 2 scrolls of fog {unknown}
 h - a scroll of teleportation {unknown}
Potions
 e - a potion of might {unknown}
 f - a potion of mutation {unknown}


   Skills:
 - Level 2.1 Fighting
 + Level 3.8 Axes
 - Level 1.5 Dodging
 - Level 2.0 Spellcasting
 - Level 3.2 Conjurations


You had 5 spell levels left.
You knew the following spells:

 Your Spells              Type           Power      Damage    Failure   Level
a - Kiss of Death         Conj/Necr      20%        2d7       16%         1

Your spell library contained the following spells:

 Spells                   Type           Power      Damage    Failure   Level
 Momentum Strike          Conj/Tloc      10%        3d8       24%         2
 Hailstorm                Conj/Ice       5%         3d4       43%         3
 Frozen Ramparts          Ice            2%         1d1       67%         3
 Petrify                  Tmut/Erth      1%         N/A       97%         4
 Metabolic Englaciation   Hex/Ice        0%         N/A       100%        5


Dungeon Overview and Level Annotations

Branches:
Dungeon (2/15)

Altars:


Innate Abilities, Weirdness & Mutations

You are immune to sickness and miasma.
Your stone body is resilient. (AC +3)
You are immune to poison.
You resist negative energy. (rN+)
You are resistant to electric shocks. (rElec)
You are resistant to unholy torment.
You are immune to petrification.


Message History

No target in view!
Found a short sword.
Found an escape hatch in the ceiling.
A jelly comes into view.
The jelly quivers.
A jelly is nearby!
A jelly is nearby!
A frilled lizard comes into view.
Found a stone staircase leading down.
The jelly barely misses you.
You slash the jelly!
Your hands burn!
The jelly is heavily wounded.
The jelly barely misses you.
You hit the jelly but do no damage.
Your hands burn!
The jelly is heavily wounded.
The jelly hits you. The acid corrodes you!
You are splashed with acid!
* * * LOW HITPOINT WARNING * * *
You are too injured to fight recklessly!
You are too injured to fight recklessly!
You are too injured to fight recklessly!
You are too injured to fight recklessly!
You are too injured to fight recklessly!
You are too injured to fight recklessly!
You are too injured to fight recklessly!
You are too injured to fight recklessly!
You are too injured to fight recklessly!
You are too injured to fight recklessly!
You are too injured to fight recklessly!
You are too injured to fight recklessly!
You are too injured to fight recklessly!
You are too injured to fight recklessly!
You are too injured to fight recklessly!
You are too injured to fight recklessly!
You are too injured to fight recklessly!
You are too injured to fight recklessly!
You hit the jelly but do no damage.
Your hands burn!
* * * LOW HITPOINT WARNING * * *
The jelly is heavily wounded.
The jelly closely misses you.
You hit the jelly but do no damage. The acid corrodes you!
Your hands burn!
You die...

..> ... ######## ....
#....).# ..... #......#
#...# #......# ###
#..<.####......######..
#.#...................
#....@##......####....
##...J##......# #....
#....######### #....
#..l.# ##### #....#
#....# #....# #....#


You could see a jelly and a frilled lizard.

Vanquished Creatures
  3 dart slugs (D:1)
  An endoplasm (D:1)
  3 hobgoblins (D:1)
  3 ball pythons (D:1)
  2 bats (D:1)
  2 frilled lizards (D:1)
  6 kobolds
  3 rats (D:1)
23 creatures vanquished.

Notes
Turn   | Place    | Note
-------+----------+-------------------------------------------
     0 | D:1      | mattiecakes the Gargoyle Reaver began the quest for the
                  | Orb.
     0 | D:1      | Reached XP level 1. HP: 12/12 MP: 3/3
   232 | D:1      | Reached XP level 2. HP: 17/17 MP: 5/5
   672 | D:1      | Reached XP level 3. HP: 17/21 MP: 6/6
  1272 | D:2      | Splashed by a jelly's acid

Illustrated notes

Levels and vault maps discovered:
D:1:      co_arrival_two_rings, layout_loops_corners, grunt_decor_resistance,
          st_stairs_3, skrybe_limestone_x
D:2:      layout_basic

Skill      XL: |  1 |
---------------+----+-----
Axes           | 3 |  3.8
Fighting       | |  2.1
Dodging        | |  1.5
Spellcasting   | |  2.0
Conjurations   | |  3.2

Action                     || total
---------------------------++-------
  Melee: Hand axe          ||    83
         Punch             ||     1
 Armour: Leather armour    ||    49
  Dodge: Dodged            ||    51

Table legend: (Time is in decaauts)
 A = Elapsed time spent in this place.
 B = Non-inter-level travel time spent in this place.
 C = Inter-level travel time spent in this place.
 D = Time resting spent in this place.
 E = Time spent auto-exploring this place.
 F = Levels seen in this place.
 G = Mean time per level.
                   A        B        C        D        E       F      G
               +--------+--------+--------+--------+--------+-----+--------+
         Total |   1282 |   1273 |      9 |      0 |   1098 |   2 |  641.0 |
       Dungeon |   1282 |   1273 |      9 |      0 |   1098 |   2 |  641.0 |
               +--------+--------+--------+--------+--------+-----+--------+

Top non-repeatable levels by time:
     D:1: 992 daAuts
     D:2: 290 daAuts
